 Dungeon Crawl Stone Soup version 0.30-a0-1066-g63dfefce0d (webtiles) character file.

Game seed: 17898610575000259866

35 BlueFish the Charlatan (level 3, 0/23 HPs)
             Began as an Octopode Artificer on Apr 12, 2023.
             Slain by an endoplasm (2 damage)
             ... on level 3 of the Dungeon.
             The game lasted 00:02:53 (1498 turns).

BlueFish the Charlatan (Octopode Artificer)         Turns: 1498, Time: 00:02:54

Health: 0/23       AC:  1    Str: 13    XL:     3   Next: 33%
Magic:  3/3        EV: 13    Int: 13    God:
Gold:   112        SH:  0    Dex: 12    Spells: 2/2 levels left

rFire   . . .      SeeInvis .    a - +0 club
rCold   . . .      Faith    .    (no shield)
rNeg    . . .      Spirit   .    (helmet restricted)
rPois   .          Reflect  .    (no amulet)
rElec   .          Rampage  .    (no ring)
rCorr   .                        (no ring)
Will    .....                    (no ring)
Stlth   +++                      (no ring)
HPRegen 0.23/turn                (no ring)
MPRegen 0.08/turn                (no ring)
                                 (no ring)
                                 (no ring)

@: no status effects
A: almost no armour, amphibious, 8 rings, camouflage 1, gelatinous body 1,
(nimble swimmer 1), tentacles
a: no special abilities


You were on level 3 of the Dungeon.
You visited 1 branch of the dungeon, and saw 3 of its levels.

You collected 112 gold pieces.

Inventory:

Hand Weapons
 a - a +0 club (weapon)
 b - a +0 sling
Missiles
 k - 14 stones
Wands
 c - a wand of charming (15)
 d - a wand of iceblast (5)
 e - a wand of flame (15) (quivered)
Scrolls
 g - 2 scrolls of fear
 h - 4 scrolls of vulnerability {unknown}
 i - a scroll of teleportation {unknown}
 j - 4 scrolls of identify {unknown}
 l - 2 scrolls of enchant armour {unknown}
 m - a scroll of poison {unknown}
 o - a scroll of magic mapping {unknown}
 q - a scroll of silence {unknown}
 s - a scroll of immolation {unknown}
 u - 3 scrolls of enchant weapon {unknown}
Potions
 f - 4 potions of curing {unknown}
 n - a potion of heal wounds {unknown}
 p - a potion of brilliance {unknown}
 r - a potion of magic {unknown}
 t - a potion of cancellation {unknown}


   Skills:
 + Level 1.3 Fighting
 + Level 1.0 Maces & Flails
 + Level 0.8 Ranged Weapons
 + Level 0.3 Throwing
 + Level 2.6 Dodging
 + Level 2.2 Stealth
 + Level 3.5 Evocations


You had 2 spell levels left.
You didn't know any spells.
Your spell library contained the following spells:

 Spells                   Type           Power      Damage    Failure   Level
 Necrotise                Necr           0%         1d4       30%         1
 Vampiric Draining        Necr           0%         2d6       67%         3
 Agony                    Necr           0%         N/A       100%        5


Dungeon Overview and Level Annotations

Branches:
Dungeon (3/15)

Altars:
Yredelemnul


Innate Abilities, Weirdness & Mutations

You cannot wear most types of armour.
You are amphibious.
You can wear up to eight rings at the same time.
Your skin changes colour to match your surroundings (Stealth+).
Your rubbery body absorbs attacks. (AC +1, EV +1)
((You are camouflaged when in or above water. (Stealth+)))
You have tentacles for arms and can constrict up to eight enemies at once.


Message History

The orc is moderately wounded.
An orc comes into view. It is wielding a +0 flail.
a - a +0 club (weapon)
An orc priest comes into view. It is wielding a +0 dagger.
An orc comes into view.
It is wielding a +0 battleaxe and carrying a wand of mindburst (1).
You barely miss the orc.
The orc priest shouts!
The orc shouts! x2
You grab the orc. You squeeze the orc.
The orc is heavily wounded.
You constrict the orc, but do no damage.
The orc barely misses you.
You barely miss the orc.
The orc is heavily wounded.
You constrict the orc, but do no damage.
The orc hits you with a +0 flail! x2
* * * LOW HITPOINT WARNING * * *
You release your grip on the orc.
The orc attacks as you move away! The orc misses you.
As you read the scroll labelled OROTRE NELEZE, it crumbles to dust.
You assume a fearsome visage.
The orc looks frightened!
The orc priest looks frightened!
The orc looks frightened! x2
It was a scroll of fear.
The endoplasm jiggles.
You hit the endoplasm. Your squeeze misses the endoplasm.
The endoplasm is severely wounded.
The endoplasm hits you.
You hit the endoplasm but do no damage.
The endoplasm is severely wounded.
The endoplasm hits you.
* * * LOW HITPOINT WARNING * * *
You hit the endoplasm but do no damage.
The endoplasm is severely wounded.
The endoplasm barely misses you.
You hit the endoplasm but do no damage.
The endoplasm is heavily wounded.
The endoplasm freezes you.
You are frozen.
* * * LOW HITPOINT WARNING * * *
The endoplasm hits you.
You die...

### #.#########.#########
#.###
#.........#..........
#...#
#.#######.#.#########
#.#.# #.# #.#.# #.#.# #.#
#.#.# #.#.########.#
#.#.# #.#..........#
#...#
##.######################
...............J@.......
##.#####################
#.# #.# #.# #.# #+# #.#
#.# #.# #######.#
........#


You could see an endoplasm.

Vanquished Creatures
  A dart slug (D:1)
  6 bats
  3 endoplasms
  3 giant cockroaches
  3 goblins
  3 hobgoblins
  2 kobolds (D:2)
  A quokka (D:1)
  2 ball pythons
  4 frilled lizards
  A rat (D:2)
29 creatures vanquished.

Notes
Turn   | Place    | Note
-------+----------+-------------------------------------------
     0 | D:1      | BlueFish the Octopode Artificer began the quest for the
                  | Orb.
     0 | D:1      | Reached XP level 1. HP: 13/13 MP: 1/1
   143 | D:1      | Reached XP level 2. HP: 18/18 MP: 2/2
   647 | D:2      | Reached XP level 3. HP: 23/23 MP: 3/3
   906 | D:2      | Found a basalt altar of Yredelemnul.
  1084 | D:2      | Reached skill level 1 in Maces & Flails
  1498 | D:3      | Slain by an endoplasm

Illustrated notes

Levels and vault maps discovered:
D:1:      psy_arrival_radial01, layout_basic, chequers_hall_statues_wall_a
D:2:      layout_loops_ring, basic_altar, kennysheep_cluttered_room
D:3:      layout_basic

Skill      XL: |  1  2  3 |
---------------+----------+-----
Stealth        | 2 |  2.2
Maces & Flails | 1 |  1.0
Fighting       | |  1.3
Ranged Weapons | |  0.8
Throwing       | |  0.3
Dodging        | |  2.6
Evocations     | |  3.5

Action                     || total
---------------------------++-------
  Melee: Club              ||    31
         Constrict         ||    12
         Tentacles         ||     6
   Fire: Sling             ||    59
    Use: Scroll            ||     1
  Dodge: Dodged            ||    19

Table legend: (Time is in decaauts)
 A = Elapsed time spent in this place.
 B = Non-inter-level travel time spent in this place.
 C = Inter-level travel time spent in this place.
 D = Time resting spent in this place.
 E = Time spent auto-exploring this place.
 F = Levels seen in this place.
 G = Mean time per level.
                   A        B        C        D        E       F      G
               +--------+--------+--------+--------+--------+-----+--------+
         Total |   1514 |   1464 |     50 |      0 |   1237 |   3 |  504.7 |
       Dungeon |   1514 |   1464 |     50 |      0 |   1237 |   3 |  504.7 |
               +--------+--------+--------+--------+--------+-----+--------+

Top non-repeatable levels by time:
     D:2: 853 daAuts
     D:1: 537 daAuts
     D:3: 124 daAuts
